 Dungeon Crawl Stone Soup version 0.20-a0-792-g09bcfd3 (webtiles) character file.

113 Alarkh the Slasher (level 4, -2/36 HPs)
             Began as a Demonspawn Monk on Feb 28, 2017.
             Killed from afar by an orc wizard (4 damage)
             ... with a magic dart
             ... on level 2 of the Dungeon.
             The game lasted 00:03:10 (1579 turns).

Alarkh the Slasher (Demonspawn Monk)                Turns: 1579, Time: 00:03:11

Health: -2/36      AC:  3    Str: 12    XL:     4   Next: 65%
Magic:  4/4        EV: 11    Int: 12    God:
Gold:   100        SH:  7    Dex: 15    Spells: 3/3 levels left

rFire    . . .     SeeInvis .   a - +0 falchion
rCold    . . .     Gourm    .   b - +0 robe
rNeg     . . .     Faith    .   o - +0 shield
rPois    .         Spirit   .   h - +0 helmet
rElec    .         Reflect  .   (no cloak)
rCorr    .         Harm     .   (no gloves)
MR       .....                  (no boots)
Stlth    ++........             (no amulet)
Regen    0.2/turn               (no ring)
MPRegen  0.1/turn               (no ring)

@: no status effects
A: powered by death 2, powered by pain 1
a: no special abilities


You were on level 2 of the Dungeon.
You were hungry.

You visited 1 branch of the dungeon, and saw 3 of its levels.

You collected 100 gold pieces.

Inventory:

Hand Weapons
 a - a +0 falchion (weapon)
Armour
 b - a +0 robe (worn)
 h - a +0 helmet (worn)
 o - a +0 shield (worn)
 s - +0 ice dragon scales
Scrolls
 e - a scroll of identify
 g - a scroll of recharging {unknown}
 i - a scroll of amnesia
 k - 2 scrolls of remove curse {unknown}
 l - a scroll of enchant armour {unknown}
 m - a scroll of magic mapping {unknown}
 p - a scroll of teleportation {unknown}
Potions
 d - a potion of flight
Comestibles
 c - a bread ration
 f - 5 chunks of flesh
 n - a royal jelly


   Skills:
 + Level 3.6 Fighting
 * Level 3.9 Long Blades
 + Level 3.1 Dodging
 - Level 1.7 Stealth
 + Level 1.2 Shields


You had 3 spell levels left.
You didn't know any spells.

Dungeon Overview and Level Annotations

Branches:
Dungeon (3/15)

Altars:


Innate Abilities, Weirdness & Mutations

You regenerate health from kills.
You sometimes gain a little power by taking damage.


Message History

You closely miss something. Something hits you.
* * * LOW HITPOINT WARNING * * *
Something hits you.
* * * LOW HITPOINT WARNING * * *
You hit something. Something hits you but does no damage.
You hit something.
You hear some strange, mumbled words.
Something tries to affect you, but you resist.
It was a potion of cancellation.
Your magical effects are unravelling.
You feel magically purged.
You feel less wooden.
Your +0 helmet unmelds from your body.
Your +0 robe unmelds from your body.
You hear some strange, mumbled words.
Something tries to affect you, but you resist.
You miss something.
You hear some strange, mumbled words.
A magic dart appears from out of thin air!
The magic dart hits you!
You die...

## #########
#)......#
####@#####.######
#..[.{..##.##...#####
#.###.#..............
#.# #.####.##...#####
#.###.####.#######.##
#.)....<...######.#.#
###.######.......###.
#.# #........#.. #.#
#.......#.#(


There were no monsters in sight!

Vanquished Creatures
  An orc wizard (D:2)
  2 adders
  A shadow imp (D:2)
  An ooze (D:1)
  A dart slug (D:2)
  2 leopard geckos
  6 orcs
  6 hobgoblins
  A quokka (D:2)
  3 ball pythons
  3 bats
  4 frilled lizards
  8 goblins
  7 kobolds
  4 rats
50 creatures vanquished.

Notes
Turn   | Place    | Note
-------+----------+-------------------------------------------
     0 | D:1      | Alarkh the Demonspawn Monk began the quest for the Orb.
     0 | D:1      | Reached XP level 1. HP: 18/18 MP: 1/1
    88 | D:1      | Gained mutation: You regenerate a little health from kills. [demonic ancestry]
    88 | D:1      | Reached XP level 2. HP: 19/24 MP: 2/2
   473 | D:2      | Gained mutation: You regenerate health from kills. [demonic ancestry]
   473 | D:2      | Reached XP level 3. HP: 17/29 MP: 3/3
  1223 | D:2      | Gained mutation: You sometimes gain a little power by taking damage. [demonic ancestry]
  1223 | D:2      | Reached XP level 4. HP: 10/35 MP: 4/4
  1481 | D:3      | Reached skill level 1 in Shields
  1575 | D:2      | HP: 2/54 [something (2)]
  1579 | D:2      | Killed from afar by an orc wizard

Vault maps used:
D:1:      dpeg_arrival_boxorama
D:2:      hangedman_decor_push
D:3:      nicolae_ru_awakened_eye, grunt_ministairs_7, serial_bayou_pond_d,
          minmay_three_crescents

Skill      XL: |  1  2  3  4 |
---------------+-------------+-----
Long Blades    | 3 |  3.9
Dodging        | 3 |  3.1
Shields        | 1 |  1.2
Fighting       | |  3.6
Stealth        | |  1.7

Action                   |  1- 3 |  4- 6 || total
-------------------------+-------+-------++-------
Melee: Falchion          |   149 |    74 ||   223
  Use: Scroll            |     4 |       ||     4
       Potion            |     2 |     5 ||     7
 Stab: Sleeping          |     6 |       ||     6
       Distracted        |     1 |       ||     1
  Eat: Chunk             |     1 |     1 ||     2
Armor: Robe              |    43 |     8 ||    51
       Skin              |       |    32 ||    32
Dodge: Dodged            |    87 |    22 ||   109
Block: Shield            |    45 |    21 ||    66
       Rpst.: Falchion   |    26 |     7 ||    33
